 Dungeon Crawl Stone Soup version 0.30-a0-1075-gcd70e7a56d (webtiles) character file.

Game seed: 11203147618532943606

1272 BlueFish the Sneak (level 8, -9/54 HPs)
             Began as an Octopode Warper on Apr 14, 2023.
             Shot with an arrow by a centaur (12 damage)
             ... on level 5 of the Dungeon.
             The game lasted 00:10:56 (6272 turns).

BlueFish the Sneak (Octopode Warper)                Turns: 6272, Time: 00:10:56

Health: -9/54      AC:  1    Str: 12    XL:     8   Next: 53%
Magic:  12/13      EV: 14    Int: 16    God:
Gold:   189        SH:  0    Dex: 11    Spells: 7/14 levels left

rFire   . . .      SeeInvis .    a - +0 dire flail
rCold   . . .      Faith    .    (shield currently unavailable)
rNeg    . . .      Spirit   .    (helmet restricted)
rPois   .          Reflect  .    (no amulet)
rElec   .          Rampage  .    q - ring of resist corrosion
rCorr   +                        (no ring)
Will    .....                    (no ring)
Stlth   ++++                     (no ring)
HPRegen 0.29/turn                (no ring)
MPRegen 0.13/turn                (no ring)
                                 (no ring)
                                 (no ring)

@: hasted, very quick
A: almost no armour, amphibious, 8 rings, camouflage 1, gelatinous body 1,
(nimble swimmer 1), tentacles
a: no special abilities


You were on level 5 of the Dungeon.
You visited 1 branch of the dungeon, and saw 5 of its levels.

You collected 189 gold pieces.

Inventory:

Hand Weapons
 a - a +0 dire flail (weapon)
 b - a +0 sling
 n - a +0 morningstar
 w - a +0 mace
 B - a +0 flail
Missiles
 c - 7 boomerangs of dispersal (quivered)
 i - 49 stones
 t - 4 poisoned darts
Jewellery
 q - a ring of resist corrosion (left tentacle)
Wands
 y - a wand of flame (29)
Scrolls
 e - 2 scrolls of vulnerability
 f - 2 scrolls of amnesia
 k - 3 scrolls of identify {unknown}
 p - a scroll of immolation {unknown}
 r - a scroll of noise {unknown}
 u - a scroll of teleportation
 v - a scroll of poison {unknown}
 A - a scroll of fog {unknown}
Potions
 d - a potion of ambrosia {unknown}
 h - 2 potions of mutation {unknown}
 l - a potion of lignification {unknown}
 m - 2 potions of brilliance {unknown}
 o - 3 potions of heal wounds {unknown}
 s - 3 potions of magic {unknown}
 x - a potion of invisibility {unknown}
 z - a potion of curing {unknown}
 C - a potion of cancellation {unknown}


   Skills:
 + Level 4.0 Fighting
 + Level 3.9 Maces & Flails
 + Level 3.4 Throwing
 + Level 4.1 Dodging
 * Level 7.1 Stealth
 + Level 3.7 Spellcasting
 + Level 4.6 Translocations


You had 7 spell levels left.
You knew the following spells:

 Your Spells              Type           Power      Damage    Failure   Level
a - Blink                 Tloc           34%        N/A       4%          2
b - Lesser Beckoning      Tloc           34%        N/A       4%          2
c - Teleport Other        Tloc           17%        N/A       8%          3

Your spell library contained the following spells:

 Spells                   Type           Power      Damage    Failure   Level
 Apportation              Tloc           34%        N/A       2%          1
 Necrotise                Necr           8%         1d4       17%         1
 Summon Small Mammal      Summ           8%         N/A       17%         1
 Vhi's Electric Charge    Tloc/Air       20%        N/A       21%         3
 Manifold Assault         Tloc           17%        N/A       26%         4


Dungeon Overview and Level Annotations

Branches:
Dungeon (5/15)
 Temple: D:4-7

Altars:
Vehumet
Wu Jian
Xom

Annotations:
D:3 4 runed translucent doors, Crazy Yiuf; spedboy43's ghost, amateur HuFi


Innate Abilities, Weirdness & Mutations

You cannot wear most types of armour.
You are amphibious.
You can wear up to eight rings at the same time.
Your skin changes colour to match your surroundings (Stealth+).
Your rubbery body absorbs attacks. (AC +1, EV +1)
((You are camouflaged when in or above water. (Stealth+)))
You have tentacles for arms and can constrict up to eight enemies at once.


Message History

The centaur kicks you. The orc misses you. The orc hits you with a +0 hand axe.
You puncture the centaur!
The centaur is severely wounded.
The centaur completely misses you. The centaur kicks you.
The centaur hits you with a +0 club. The centaur closely misses you.
The orc closely misses you. The orc barely misses you.
You hit the centaur. Your squeeze misses the centaur.
The centaur is almost dead.
The centaur barely misses you. The centaur kicks you.
The centaur hits you with a +0 club. The centaur closely misses you. x2
The centaur barely misses you. The orc closely misses you.
The orc completely misses you.
You barely miss the centaur.
The centaur is almost dead.
The centaur hits you with a +0 club. The centaur kicks you.
The centaur hits you with a +0 club!
* * * LOW HITPOINT WARNING * * *
The centaur barely misses you. The orc closely misses you.
The orc barely misses you. The centaur completely misses you.
The centaur kicks you but does no damage.
You closely miss the centaur.
The centaur is almost dead.
The centaur hits you with a +0 club!
* * * LOW HITPOINT WARNING * * *
The centaur kicks you.
* * * LOW HITPOINT WARNING * * *
The centaur barely misses you. The centaur completely misses you.
The orc barely misses you. The orc hits you with a +0 hand axe.
* * * LOW HITPOINT WARNING * * *
Blink to where?
Press: ? - help, Dir - move target
As you read the scroll of blinking, it crumbles to dust.
The centaur unwields a +0 club.
The centaur wields a +0 shortbow.
The centaur shoots an arrow.
The arrow misses you.
Okay, then.
You feel yourself speed up.
The centaur shoots an arrow.
The arrow closely misses you.
The centaur shoots an arrow.
The arrow barely misses you.
The centaur shoots an arrow.
The arrow hits you!
You die...

#......ยง.#...........
#........o.##............##.
##.....#.o..##.....#.........
.......#.c.........#.........#
............##...............#
##.........#.................
...........#....###........#
#................#........# .
#.......#.......@.....<...##.#
.......###.##.....#..<.......#
........#####.....##.......##
##.....## ##)...#.##....##
.#....## #####......#######
#......#..##.........#
...........##.....#.##
...........##...#####
.......#...######


You could see a centaur (fast) and an orc.

Vanquished Creatures
  Grinder (D:3)
  Sigmund (D:2)
  A water moccasin (D:5)
  A kobold brigand (D:4)
  Blork the orc (D:4)
  2 scorpions
  3 hounds
  A jelly (D:4)
  An orc priest (D:5)
  2 sleepcaps
  3 iguanas
  2 orc wizards
  Natasha (thrice) (D:2)
  4 adders
  2 worms
  4 dart slugs
  7 orcs
  14 ball pythons
  7 endoplasms
  4 giant cockroaches
  9 goblins
  8 hobgoblins
  4 jackals (D:3)
  3 quokkas
  3 bats
  4 frilled lizards
  7 kobolds
  6 rats
108 creatures vanquished.

Vanquished Creatures (others)
  4 fungi (D:3)
  3 plants (D:3)
7 creatures vanquished.

Grand Total: 115 creatures vanquished

Notes
Turn   | Place    | Note
-------+----------+-------------------------------------------
     0 | D:1      | BlueFish the Octopode Warper began the quest for the Orb.
     0 | D:1      | Reached XP level 1. HP: 14/14 MP: 3/3
   182 | D:1      | Reached skill level 1 in Stealth
   185 | D:1      | Reached XP level 2. HP: 19/19 MP: 5/5
   417 | D:1      | Reached XP level 3. HP: 24/24 MP: 6/6
   420 | D:1      | Learned a level 2 spell: Blink
   423 | D:1      | Learned a level 2 spell: Lesser Beckoning
   441 | D:1      | Reached skill level 2 in Stealth
  1305 | D:2      | Noticed Natasha
  1309 | D:2      | Killed Natasha
  1310 | D:2      | Reached XP level 4. HP: 8/30 MP: 7/7
  1501 | D:2      | Noticed Sigmund
  1550 | D:2      | Noticed Natasha
  1573 | D:2      | Killed Natasha
  1650 | D:2      | Noticed Natasha
  1655 | D:2      | Killed Natasha
  1656 | D:2      | Reached skill level 3 in Stealth
  1656 | D:2      | Reached XP level 5. HP: 35/35 MP: 8/8
  1865 | D:2      | Killed Sigmund
  1866 | D:2      | Reached skill level 4 in Stealth
  1866 | D:2      | Reached XP level 6. HP: 41/41 MP: 8/10
  2075 | D:3      | Found Canoff's Armour Emporium.
  2101 | D:3      | Noticed Grinder
  2153 | D:3      | Paralysed by Grinder for 2 turns
  2192 | D:2      | Learned a level 3 spell: Teleport Other
  2316 | D:3      | Found a faded altar of an unknown god.
  2352 | D:3      | Found an ornate altar of the Wu Jian Council.
  2650 | D:3      | Paralysed by Grinder for 4 turns
  2656 | D:3      | HP: 2/41 [Grinder/nerve-wracking pain (8)]
  2660 | D:3      | Killed Grinder
  2661 | D:3      | Reached skill level 5 in Stealth
  2661 | D:3      | Reached XP level 7. HP: 6/46 MP: 1/11
  2907 | D:3      | Found a runed translucent door.
  2908 | D:3      | Noticed Crazy Yiuf
  3070 | D:3      | Found a runed translucent gate.
  3071 | D:3      | Found a runed translucent gate.
  3072 | D:3      | Found a runed translucent gate.
  3076 | D:3      | Noticed spedboy43's ghost (amateur HuFi)
  3120 | D:3      | Found a radiant altar of Vehumet.
  4244 | D:4      | Found a shimmering altar of Xom.
  4559 | D:4      | Reached skill level 6 in Stealth
  4701 | D:4      | Reached XP level 8. HP: 28/52 MP: 11/13
  5517 | D:5      | Entered Level 5 of the Dungeon
  5654 | D:5      | Noticed Blork the orc
  5966 | D:4      | Killed Blork the orc
  6203 | D:5      | Reached skill level 7 in Stealth
  6268 | D:5      | HP: 2/54 [orc/+0 hand axe (2)]
  6272 | D:5      | Shot with an arrow by a centaur

Illustrated notes

Levels and vault maps discovered:
D:1:      onia_arrival_pyramid, layout_basic
D:2:      wander_river, layout_basic, chequers_arboretum, uniq_natasha,
          uniq_sigmund
D:3:      layout_basic, lemuel_coloured_pillars_altar,
          mainiacjoe_overflow_boulevard, serial_shops, shop,
          hellmonk_ecumenical_altar_crossroads, gammafunk_ghost_nasty_kobolds,
          minmay_ruptured, uniq_grinder, uniq_crazy_yiuf_cottage
D:4:      minmay_general_purpose_star, layout_basic, mainiacjoe_overflow_paths,
          serial_glass, glass_columns_a, glass_columns_a, glass_columns_b,
          glass_columns_c, glass_columns_a, glass_columns_c, glass_columns_b,
          glass_columns_c
D:5:      dreamdust_elfheim, layout_cave_pools, serial_bayou_lake_a,
          uniq_blork_the_orc

Skill      XL: |  1  2  3  4  5  6  7  8 |
---------------+-------------------------+-----
Stealth        | 1 2 3 4 5 6 7 |  7.1
Throwing       | 2 3 |  3.4
Dodging        | 3 4 |  4.1
Fighting       | 3 4 |  4.0
Maces & Flails | 3 |  3.9
Spellcasting   | 3 |  3.7
Translocations | 4 |  4.6

Action                     |  1- 3 |  4- 6 |  7- 9 || total
---------------------------+-------+-------+-------++-------
  Melee: Mace              |    66 |    68 |    38 ||   172
         Tentacles         |    12 |    18 |    27 ||    57
         Constrict         |    20 |    13 |    28 ||    61
         Punch             |     2 |       |     4 ||     6
         Flail             |       |       |    45 ||    45
         Morningstar       |       |       |    20 ||    20
         Dire flail        |       |       |    18 ||    18
   Fire: Sling             |       |       |    75 ||    75
  Throw: Dart              |       |     2 |     1 ||     3
   Cast: Teleport Other    |       |     4 |     1 ||     5
         Blink             |       |     3 |     2 ||     5
         Lesser Beckoning  |       |       |     5 ||     5
    Use: Scroll            |     1 |     1 |     4 ||     6
         Potion            |       |     1 |     1 ||     2
   Stab: Sleeping          |    10 |     5 |     2 ||    17
         Distracted        |       |     1 |       ||     1
 Armour: Skin              |     7 |     5 |     8 ||    20
  Dodge: Dodged            |    34 |    48 |   100 ||   182

Table legend: (Time is in decaauts)
 A = Elapsed time spent in this place.
 B = Non-inter-level travel time spent in this place.
 C = Inter-level travel time spent in this place.
 D = Time resting spent in this place.
 E = Time spent auto-exploring this place.
 F = Levels seen in this place.
 G = Mean time per level.
                   A        B        C        D        E       F      G
               +--------+--------+--------+--------+--------+-----+--------+
         Total |   6357 |   5944 |    413 |    577 |   4110 |   5 | 1271.4 |
       Dungeon |   6357 |   5944 |    413 |    577 |   4110 |   5 | 1271.4 |
               +--------+--------+--------+--------+--------+-----+--------+

Top non-repeatable levels by time:
     D:4: 1970 daAuts
     D:3: 1864 daAuts
     D:2: 1417 daAuts
     D:1: 716 daAuts
     D:5: 388 daAuts
